 Dungeon Sprint DCSS version 0.21-a0-91-ga5031da (webtiles) character file.

1395 Angani the Peltast (level 11, -1/114 HPs)
             Began as a Minotaur Fighter on June 29, 2017.
             Was the Champion of Jiyva.
             Killed from afar by a gargoyle (12 damage)
             ... with a stone arrow
             ... in the Dungeon (Sprint VI: "Thunderdome").
             The game lasted 00:13:37 (1619 turns).

Angani the Peltast (Minotaur Fighter)               Turns: 1619, Time: 00:13:38

Health: -1/114     AC:  8    Str: 26    XL:     11   Next: 41%
Magic:  0/10       EV: 15    Int: 10    God:    Jiyva [******]
Gold:   845        SH: 14    Dex: 11    Spells: 10/10 levels left

rFire    + . .     SeeInvis .   d - +0 demon blade
rCold    + . .     Gourm    .   c - +0 shield
rNeg     + . .     Faith    .   b - +0 scale mail
rPois    +         Spirit   +   (helmet restricted)
rElec    .         Reflect  .   (no cloak)
rCorr    +         Harm     .   (no gloves)
MR       +....     NoTele   +   (no boots)
Stlth    ..........             r - amulet of Midnight {Spirit rN+ Int+3}
HPRegen  0.29/turn              p - ring of the Fortune-Teller {Str+3 Int+2}
MPRegen  0.12/turn              q - ring "Jisk" {-Tele rPois rC+ MR+}

@: hasted, very quick
A: retaliatory headbutt, horns 2, fire resistance 1, mutation resistance 1,
shaggy fur 1, wild magic 1, pseudopods 1, tendrils, jelly absorbing missiles
}: 1/15 runes: decaying
a: Request Jelly, Slimify, Cure Bad Mutation, Renounce Religion


You were in the Dungeon.
You worshipped Jiyva.
Jiyva was exalted by your worship.
You were not hungry.

You visited 1 branch You collected 1640 gold pieces.
You spent 795 gold pieces at shops.

Inventory:

Hand Weapons
 d - a +0 demon blade (weapon)
Armour
 b - a +0 scale mail (worn)
 c - a +0 shield (worn)
Jewellery
 p - the ring of the Fortune-Teller (left hand) {Str+3 Int+2}
   (You bought it in a shop in the Dungeon)

   [ring of strength]

   It affects your strength (+3).
   It affects your intelligence (+2).
 q - the ring "Jisk" (right hand) {-Tele rPois rC+ MR+}
   (You bought it in a shop in the Dungeon)

   [ring of protection from magic]

   It protects you from cold.
   It protects you from poison.
   It affects your resistance to hostile enchantments.
   It prevents most forms of teleportation.
 r - the amulet of Midnight (around neck) {Spirit rN+ Int+3}
   (You bought it in a shop in the Dungeon)

   [amulet of guardian spirit]

   It causes incoming damage to be split between your health and magic.
   It affects your intelligence (+3).
   It protects you from negative energy.
Wands
 m - a wand of acid (1/15)
 n - a wand of iceblast (5/15)
Scrolls
 k - 4 scrolls of blinking
 o - 2 scrolls of fog
Potions
 h - 2 potions of haste
 i - a potion of magic
 l - a potion of resistance
Comestibles
 f - a bread ration


   Skills:
 + Level 15.6 Fighting
 - Level 13.8 Long Blades
 + Level 15.6 Armour
 + Level 9.7 Dodging
 + Level 15.7 Shields


You had 10 spell levels left.
You didn't know any spells.

Dungeon Overview and Level Annotations

Branches:
Dungeon (1/1)

Altars:
Cheibriados
Dithmenos
Fedhas
Gozag
Kikubaaqudgha
Makhleb
Okawaru
Qazlal
Ru
Sif Muna
Trog
Uskayaw
Vehumet
Wu Jian
Xom
Yredelemnul
Zin
The Shining One
Beogh
Jiyva
Lugonu

Shops:
D *[%??*?*:[((!!!!


Innate Abilities, Weirdness & Mutations

You reflexively headbutt those who attack you in melee.
You have a pair of horns on your head.
Your flesh is heat resistant. (rF+)
You are somewhat resistant to further mutation.
You are covered in fur. (AC +1)
Your spells are a little harder to cast, but a little more powerful.
Armour fits poorly on your pseudopods.
You are covered in slimy tendrils that may disarm your opponents.
You have a small jelly attached to you that may absorb incoming projectiles.


Message History

You hit the gargoyle.
You bludgeon the gargoyle, but do no damage.
The gargoyle is moderately damaged.
You hit the gargoyle but do no damage.
The gargoyle is moderately damaged.
The gargoyle misses you. You furiously retaliate!
You headbutt the gargoyle, but do no damage.
You riposte.
You hit the gargoyle. Your headbutt misses the gargoyle.
The gargoyle is lightly damaged.
The jelly hits the earth elemental but does no damage.
You block the earth elemental's attack.
You hit the gargoyle but do no damage. Your headbutt misses the gargoyle.
Unknown command.
You hit the gargoyle but do no damage. You headbutt the gargoyle.
The gargoyle is lightly damaged.
You block the gargoyle's attack.
Your tendrils lash around the gargoyle's uncursed mace of protection and pull it to the ground!
The gargoyle hurls a stone arrow at you.
The stone arrow hits you!
You die...

#........_# #_......._#
#_......._# ###.........###
#⌠...........⌠#
#####.8.........8.######
∩__.......###......___∩##
........8.# #.8.99.....∩###
..........###...@9E.J.....##
.......###...###.E........⌠#
.......# #.<.# #..........⌠#
.......###...###..........⌠#
J.........###.............##
........8.# #.8........∩###
∩___..J...###......___∩##
#####.8.........8.######
#⌠...........⌠#


You could see 2 earth elementals, 3 gargoyles and a neutral jelly (fellow
slime).

Vanquished Creatures
  A wizard (D)
  2 two-headed ogres (D)
  A sixfirhy (D)
  An orange demon (D)
  A hellwing (D)
  2 red devils (D)
  2 ice devils (D)
  7 polar bears (D)
  4 tyrant leeches (D)
  Sigmund (D)
  A neqoxec (D)
  Menkaure (D)
  4 ogres (D)
  A wight (D)
  An orc priest (D)
  Terence (D)
  3 mummies (D)
  An adder skeleton (D)
  2 bat skeletons (D)
  A goblin (D)
  A quokka zombie (D)
  A rat (D)
40 creatures vanquished.

Vanquished Creatures (collateral kills)
  An iron troll (D)
  A gargoyle (D)
  3 tyrant leeches (D)
  A worm (D)
6 creatures vanquished.

Vanquished Creatures (others)
  A jelly (D)
  An adder zombie (D)
2 creatures vanquished.

Grand Total: 48 creatures vanquished

Notes
Turn   | Place    | Note
-------+----------+-------------------------------------------
     0 | D        | Angani the Minotaur Fighter began the quest for the Orb.
     0 | D        | Reached XP level 1. HP: 19/19 MP: 0/0
     3 | D        | Found a bloodstained altar of Trog.
     3 | D        | Found a blossoming altar of Fedhas.
     4 | D        | Found a snail-covered altar of Cheibriados.
     4 | D        | Found a sacrificial altar of Ru.
     5 | D        | Found a viscous altar of Jiyva.
     5 | D        | Found an opulent altar of Gozag.
     5 | D        | Round 1.
     6 | D        | Found Bysatuda's Distillery.
     6 | D        | Found a hide-covered altar of Uskayaw.
     6 | D        | Found a stormy altar of Qazlal.
     6 | D        | Found Uratiachag's Do-It-Yourself Clinic.
     7 | D        | Found Ubbuf's Distillery.
     7 | D        | Found Qafaast's Bottled Wisdom.
    13 | D        | Became a worshipper of Jiyva Joopitem the Shapeless
    18 | D        | Reached * piety under Jiyva
    19 | D        | Found a shimmering altar of Xom.
    19 | D        | Found Adeh's Staff Store.
    19 | D        | Found Xunwum's Must-Have Magic.
    20 | D        | Found Eseiluo's Magic Scroll Shop.
    21 | D        | Found a corrupted altar of Lugonu.
    21 | D        | Found an ancient bone altar of Kikubaaqudgha.
    21 | D        | Found Fuwuotae's Magic Scroll Shop.
    27 | D        | Found a glowing golden altar of the Shining One.
    28 | D        | Found a glowing silver altar of Zin.
    29 | D        | Found Buonuder's Bee Food.
    30 | D        | Found Ikoenir's Jewellery.
    30 | D        | Found Yfena's Advanced Armour.
    30 | D        | Found a radiant altar of Vehumet.
    30 | D        | Found a shadowy altar of Dithmenos.
    30 | D        | Found an ornate altar of the Wu Jian Council.
    30 | D        | Found Wasais's Identification Station.
    34 | D        | Found a roughly hewn altar of Beogh.
    35 | D        | Found a basalt altar of Yredelemnul.
    36 | D        | Found an iron altar of Okawaru.
    37 | D        | Found Cik Hug's Premium Goods.
    38 | D        | Found a burning altar of Makhleb.
    38 | D        | Found a deep blue altar of Sif Muna.
    38 | D        | Found Nulo's Weapon Rack.
    38 | D        | Found Udwyariy's Miscellaneous Merchandise.
    38 | D        | Found Kueskin's Basic Armour.
    53 | D        | Noticed an orc priest
    61 | D        | Killed an orc priest
    61 | D        | Reached skill level 5 in Fighting
    61 | D        | Reached skill level 5 in Armour
    61 | D        | Reached skill level 5 in Shields
    61 | D        | Reached XP level 2. HP: 18/29 MP: 1/1
    61 | D        | Reached XP level 3. HP: 23/36 MP: 2/2
    92 | D        | Noticed Sigmund
   102 | D        | Killed Sigmund
   102 | D        | Reached XP level 4. HP: 25/47 MP: 3/3
   102 | D        | Reached XP level 5. HP: 27/52 MP: 4/4
   120 | D        | Noticed Terence
   125 | D        | Killed Terence
   125 | D        | Arena points: 12 (+12) [x2]
   140 | D        | Reached ** piety under Jiyva
   140 | D        | Reached *** piety under Jiyva
   140 | D        | Gained mutation: Armour fits poorly on your pseudopods. [Jiyva's grace]
   143 | D        | Gained mutation: You are clumsy. (Dex -2) [Jiyva's grace]
   143 | D        | Reached **** piety under Jiyva
   143 | D        | Gained mutation: You have a small jelly attached to you that may absorb incoming projectiles. [Jiyva's grace]
   143 | D        | Reached ***** piety under Jiyva
   175 | D        | Bought a shimmering platinum ring for 45 gold pieces
   175 | D        | Bought a serpentine bronze ring for 45 gold pieces
   175 | D        | Bought an ancient ruby amulet for 45 gold pieces
   175 | D        | Identified the ring of the Fortune-Teller {Str+3 Int+2} (You bought it in a shop in the Dungeon)
   176 | D        | Identified the ring "Jisk" {-Tele rPois rC+ MR+} (You bought it in a shop in the Dungeon)
   177 | D        | Identified the amulet of Midnight {Spirit rN+ Int+3} (You bought it in a shop in the Dungeon)
   188 | D        | Round 2.
   333 | D        | Arena points: 54 (+42) [x3]
   367 | D        | Gained mutation: You are robust. (+10% HP) [Jiyva's grace]
   375 | D        | Round 3.
   390 | D        | Reached XP level 6. HP: 67/67 MP: 5/5
   416 | D        | Noticed a guardian mummy
   422 | D        | Slimified a guardian mummy
   422 | D        | Noticed a death ooze
   422 | D        | a guardian mummy changed into a death ooze
   426 | D        | Noticed Menkaure
   439 | D        | Killed Menkaure
   458 | D        | Noticed a guardian mummy
   464 | D        | Slimified a guardian mummy
   464 | D        | Noticed a death ooze
   464 | D        | a guardian mummy changed into a death ooze
   516 | D        | Arena points: 69 (+15) [x1]
   531 | D        | Round 4.
   559 | D        | Reached skill level 10 in Shields
   559 | D        | Reached XP level 7. HP: 68/78 MP: 6/6
   586 | D        | Reached skill level 10 in Fighting
   586 | D        | Reached skill level 10 in Armour
   600 | D        | Noticed a two-headed ogre
   608 | D        | Killed a two-headed ogre
   608 | D        | Reached XP level 8. HP: 61/90 MP: 5/7
   617 | D        | Gained mutation: You possess an exceptional clarity of mind. [Jiyva's grace]
   656 | D        | Noticed a two-headed ogre
   668 | D        | Killed a two-headed ogre
   668 | D        | Arena points: 125 (+56) [x2]
   668 | D        | Reached XP level 9. HP: 49/100 MP: 2/8
   677 | D        | Lost mutation: You have a small jelly attached to you that may absorb incoming projectiles. [Jiyva's grace]
   716 | D        | Round 5.
   723 | D        | Noticed a witch
   736 | D        | Noticed a six-headed hydra
   743 | D        | Noticed an alligator
   744 | D        | Slimified a six-headed hydra
   744 | D        | Noticed an acid blob
   744 | D        | a six-headed hydra changed into an acid blob
   745 | D        | Noticed a four-headed hydra
   766 | D        | Killed a witch
   766 | D        | Arena points: 285 (+160) [x4]
   767 | D        | Got a decaying rune of Zot
   768 | D        | Reached XP level 10. HP: 37/111 MP: 2/9
   778 | D        | Bought a +0 demon blade for 450 gold pieces
   955 | D        | Round 6.
   957 | D        | Noticed a sixfirhy
   968 | D        | Killed a sixfirhy
  1062 | D        | Noticed an orange demon
  1070 | D        | Killed an orange demon
  1070 | D        | Arena points: 555 (+270) [x5]
  1085 | D        | Bought 3 potions of heal wounds for 105 gold pieces
  1150 | D        | Round 7.
  1183 | D        | Reached XP level 11. HP: 120/122 MP: 10/10
  1188 | D        | Lost mutation: You are robust. (+10% HP) [Jiyva's grace]
  1188 | D        | Reached ****** piety under Jiyva
  1191 | D        | Gained mutation: You are covered in slimy tendrils that may disarm your opponents. [Jiyva's grace]
  1208 | D        | Gained mutation: You have a small jelly attached to you that may absorb incoming projectiles. [Jiyva's grace]
  1248 | D        | Reached skill level 15 in Shields
  1249 | D        | Lost mutation: You are clumsy. (Dex -2) [Jiyva's grace]
  1253 | D        | Gained mutation: Your spells are a little harder to cast, but a little more powerful. [Jiyva's grace]
  1253 | D        | Gained mutation: Your mind is acute. (Int +2) [Jiyva's grace]
  1255 | D        | Arena points: 891 (+336) [x6]
  1255 | D        | Reached skill level 15 in Fighting
  1311 | D        | Round 8.
  1338 | D        | Reached skill level 15 in Armour
  1423 | D        | Arena points: 1395 (+504) [x7]
  1449 | D        | Bought 3 potions of heal wounds for 105 gold pieces
  1481 | D        | Round 9.
  1485 | D        | Noticed an iron troll
  1492 | D        | Slimified an iron troll
  1492 | D        | Noticed an acid blob
  1492 | D        | an iron troll changed into an acid blob
  1499 | D        | Gained mutation: You are somewhat resistant to further mutation. [Jiyva's grace]
  1506 | D        | Lost mutation: You are covered in slimy tendrils that may disarm your opponents. [Jiyva's grace]
  1528 | D        | Lost mutation: Your mind is acute. (Int +2) [Jiyva's grace]
  1528 | D        | Gained mutation: Your flesh is heat resistant. (rF+) [Jiyva's grace]
  1531 | D        | Noticed an iron troll
  1533 | D        | Lost mutation: You possess an exceptional clarity of mind. [Jiyva's grace]
  1533 | D        | Gained mutation: You are covered in slimy tendrils that may disarm your opponents. [Jiyva's grace]
  1544 | D        | Killed an iron troll
  1577 | D        | Gained mutation: You are covered in fur. (AC +1) [Jiyva's grace]
  1619 | D        | Killed from afar by a gargoyle

Vault maps used:
D:        arena_sprint

Skill      XL: |  1  2  3  4  5  6  7  8  9 10 11 |
---------------+----------------------------------+-----
Fighting       | 5 7 8 9 11 12 13 14 15 | 15.6
Long Blades    | 4 7 9 11 12 13 | 13.8
Armour         | 5 7 8 9 11 12 13 14 15 | 15.6
Shields        | 5 7 8 10 11 12 13 14 15 | 15.7
Dodging        | 6 7 9 |  9.7

Action                   |  1- 3 |  4- 6 |  7- 9 | 10-12 || total
-------------------------+-------+-------+-------+-------++-------
Melee: Long sword        |    13 |    36 |    34 |       ||    83
       Headbutt          |     3 |    15 |    10 |    42 ||    70
       Pseudopods        |       |     8 |     7 |    41 ||    56
       Demon blade       |       |       |       |   184 ||   184
Invok: Slimify           |       |     2 |     1 |     1 ||     4
       Request Jelly     |       |       |     2 |     1 ||     3
Evoke: Wand              |       |       |     4 |       ||     4
  Use: Potion            |     1 |     2 |     4 |    10 ||    17
       Scroll            |       |     1 |       |       ||     1
 Stab: Confused          |       |       |     3 |       ||     3
  Eat: Chunk             |       |       |       |     1 ||     1
Armor: Scale mail        |     3 |     6 |     6 |    28 ||    43
Dodge: Dodged            |     3 |     5 |     4 |    39 ||    51
Block: Shield            |     4 |    17 |    13 |    91 ||   125
       Rpst.: Long sword |     1 |       |       |       ||     1
       Demon blade       |       |       |       |     8 ||     8
